 Dungeon Sprint DCSS version 0.27.1-33-g824d729ab1 (webtiles) character file.

Game seed: 17208046791045248971

109 manyhoops the Spear-Bearer (level 4, -1/35 HPs)
             Began as a Merfolk Berserker on Nov 28, 2021.
             Was a Follower of Trog.
             Slain by Sigmund (2 damage)
             ... in the Dungeon (Sprint I: "Red Sonja").
             The game lasted 00:01:13 (143 turns).

manyhoops the Spear-Bearer (Merfolk Berserker)       Turns: 143, Time: 00:01:13

Health: -1/35      AC:  6    Str: 18    XL:     4   Next: 89%
Magic:  4/4        EV: 13    Int:  6    God:    Trog [*.....]
Gold:   54         SH:  0    Dex: 13    Spells: 3/3 levels left

rFire    . . .     SeeInvis .   a - +0 spear
rCold    . . .     Faith    .   (no shield)
rNeg     . . .     Spirit   .   j - +0 scale mail
rPois    .         Reflect  .   (no helmet)
rElec    .         Harm     .   (no cloak)
rCorr    .         Rampage  .   (no gloves)
Will     .....     NoTele   +   (no boots)
Stlth    ..........             (no amulet)
HPRegen  0.11/turn              (no ring)
MPRegen  0.09/turn              (no ring)

@: on berserk cooldown, slowed, very slow
A: (nimble swimmer 2), mertail
a: Renounce Religion, Berserk


You were in the Dungeon.
You worshipped Trog.
Trog was aware of your devotion.
You visited 1 branch You collected 54 gold pieces.

Inventory:

Hand Weapons
 a - a +0 spear (weapon)
Armour
 b - a +0 animal skin
 j - a +0 scale mail (worn)
Wands
 i - a wand of flame (3)
Scrolls
 h - a scroll of blinking
Potions
 d - a potion of heal wounds
 e - a potion of haste
 f - 2 potions of magic
 g - a potion of berserk rage


   Skills:
 - Level 3.2 Fighting
 - Level 9.6 Polearms
 - Level 1.3 Armour
 + Level 9.4 Dodging


You had 3 spell levels left.
You didn't know any spells.
Your spell library was empty.

Dungeon Overview and Level Annotations

Branches:
Dungeon (1/1)

Altars:

Annotations:
D Sigmund


Innate Abilities, Weirdness & Mutations

((You are quick and stealthy near water. (Stealth+, EV+, Speed+++)))
Your lower body shifts to a powerful aquatic tail in water.


Message History

The puff of flame misses you.
Reach: a) +0 spear
Press: ? - help, Dir - move target You reach to attack!
You closely miss something. Something hits you!
Reach: a) +0 spear
Press: ? - help, Dir - move target You reach to attack!
You hit something but do no damage.
You hear some strange, mumbled words.
Something tries to affect you, but you resist.
Reach: a) +0 spear
Press: ? - help, Dir - move target You reach to attack!
You miss something.
Reach: a) +0 spear
Press: ? - help, Dir - move target You reach to attack!
You barely miss something. Something hits you but does no damage.
Reach: a) +0 spear
Press: ? - help, Dir - move target You reach to attack!
You hit something but do no damage. Something hits you.
Reach: a) +0 spear
Press: ? - help, Dir - move target You reach to attack!
You barely miss something. Something hits you but does no damage.
Reach: a) +0 spear
Press: ? - help, Dir - move target You reach to attack!
You closely miss something.
Aiming: Throw Flame
Press: ? - help, Shift-Dir - straight line The puff of flame hits something.
Something hits you.
Aiming: Throw Flame
Press: ? - help, Shift-Dir - straight line The puff of flame hits something.
Something hits you.
Aiming: Throw Flame
Press: ? - help, Shift-Dir - straight line Something hits you!
* * * LOW HITPOINT WARNING * * *
Aiming: Throw Flame
Press: ? - help, Shift-Dir - straight line Something hits you.
You die...

#############
#<.#..)@.#..+
#..)..#..{..#
#..#####'####
#..# #..#
#..# ####
#..# #⌠⌠#
####


There were no monsters in sight!

Vanquished Creatures
  An ogre (D)
  Ijyb (D)
2 creatures vanquished.

Notes
Turn   | Place    | Note
-------+----------+-------------------------------------------
     0 | D        | manyhoops the Merfolk Berserker began the quest for the
                  | Orb.
     0 | D        | Reached XP level 1. HP: 18/18 MP: 1/1
     1 | D        | Noticed Ijyb
    13 | D        | Killed Ijyb
    14 | D        | Reached XP level 2. HP: 24/24 MP: 2/2
    14 | D        | Reached XP level 3. HP: 29/29 MP: 3/3
    55 | D        | Noticed an ogre
    60 | D        | Killed an ogre
    61 | D        | Reached XP level 4. HP: 33/35 MP: 4/4
   112 | D        | Noticed Sigmund
   142 | D        | HP: 1/35 [something (12)]
   143 | D        | Slain by Sigmund

Illustrated notes

Levels and vault maps discovered:
D:        dungeon_sprint_1 [red_sonja_temple_1, red_sonja_temple_small_1]

Skill      XL: |  1  2  3 |
---------------+----------+-----
Polearms       | 9 |  9.6
Dodging        | 9 |  9.4
Fighting       | |  3.2
Armour         | |  1.3

Action                   |  1- 3 |  4- 6 || total
-------------------------+-------+-------++-------
Melee: Spear             |    14 |    20 ||    34
Invok: Berserk           |     2 |     1 ||     3
Evoke: Wand              |       |     4 ||     4
  Use: Potion            |       |     1 ||     1
Armor: Scale mail        |       |     2 ||     2
Dodge: Dodged            |     4 |     7 ||    11
